 Dungeon Crawl Stone Soup version 0.25-a0-860-gf695395b5c (webtiles) character file.

Game seed: 11307999588576309474, levelgen mode: deterministic

5177 cica the Geomancer (level 10, 0/56 HPs)
             Began as a Gargoyle Earth Elementalist on Apr 29, 2020.
             Was a Follower of Vehumet.
             Killed from afar by an orc wizard (8 damage)
             ... with a puff of frost
             ... on level 9 of the Dungeon.
             The game lasted 00:33:46 (10683 turns).

cica the Geomancer (Gargoyle Earth Elementalist)   Turns: 10683, Time: 00:33:47

Health: 0/56       AC: 14    Str: 11    XL:     10   Next: 60%
Magic:  14/19      EV: 12    Int: 23    God:    Vehumet [*.....]
Gold:   541        SH:  0    Dex: 10    Spells: 6/21 levels left

rFire    + . .     SeeInvis +   o - +1 dagger (protect)
rCold    . . .     Gourm    .   (no shield)
rNeg     + . .     Faith    .   c - +0 robe
rPois    ∞         Spirit   .   g - +2 helmet {Int+3}
rElec    +         Reflect  .   u - scarf {cloud immunity}
rCorr    .         Harm     .   K - +0 pair of gloves (curse)
MR       .....                  r - +0 pair of boots
Stlth    ++........             m - amulet of regeneration
HPRegen  0.58/turn              t - ring of see invisible
MPRegen  0.16/turn              H - ring of protection from fire

@: very slightly contaminated
A: negative energy resistance 1, electricity resistance, unbreathing,
petrification resistance, rot immunity, AC +7
a: Renounce Religion


You were on level 9 of the Dungeon.
You worshipped Vehumet.
Vehumet was aware of your devotion.
You were not hungry.

You visited 2 branches of the dungeon, and saw 10 of its levels.
You also visited: Sewer and Ossuary.

You collected 541 gold pieces.

Inventory:

Hand Weapons
 j - a +2 dagger of speed
 o - a +1 dagger of protection (weapon)
 y - a +1 whip of electrocution
Missiles
 b - 217 stones (quivered)
Armour
 c - a +0 robe (worn)
 g - a +2 helmet of intelligence (worn)
 r - a +0 pair of boots (worn)
 u - a scarf of cloud immunity (worn)
 x - a +0 cloak
 K - a cursed +0 pair of gloves (worn)
Jewellery
 f - an uncursed ring of fire
 m - an amulet of regeneration (around neck)
 t - a ring of see invisible (left hand)
 H - a ring of protection from fire (right hand)
Wands
 s - a wand of digging (5)
 v - a wand of acid (9)
 L - a wand of iceblast (7)
 M - a wand of paralysis (5)
Scrolls
 i - 2 scrolls of remove curse
 k - 7 scrolls of teleportation
 q - 2 scrolls of amnesia
 w - 4 scrolls of magic mapping
 z - 6 scrolls of blinking
 C - a scroll of summoning {unknown}
 E - 2 scrolls of enchant armour
 F - 2 scrolls of enchant weapon {unknown}
 G - a scroll of fog {unknown}
 J - a scroll of vulnerability {unknown}
 N - a scroll of identify
Potions
 e - 8 potions of curing
 h - a potion of invisibility {unknown}
 l - a potion of stabbing {unknown}
 n - 2 potions of mutation {unknown}
 p - 2 potions of might
 A - 3 potions of haste
 B - 2 potions of heal wounds {unknown}
 D - a potion of berserk rage {unknown}
Miscellaneous
 I - a phial of floods
Comestibles
 d - 15 rations


   Skills:
 - Level 4.0 Fighting
 - Level 1.5 Dodging
 + Level 2.4 Stealth
 + Level 6.0 Spellcasting
 * Level 5.8 Conjurations
 + Level 1.9 Transmutations
 + Level 14.2 Earth Magic


You had 6 spell levels left.
You knew the following spells:

 Your Spells              Type           Power        Failure   Level  Hunger
a - Sandblast             Erth           ######       1%          1    None
b - Passwall              Tmut/Erth      #####...     1%          2    None
c - Stone Arrow           Conj/Erth      ######       1%          3    #......
d - Lee's Rapid Deconstr  Erth           ######....   1%          5    #####..
e - Petrify               Tmut/Erth      #####...     3%          4    ###....

Your spell library contained the following spells:

 Spells                   Type           Power        Failure   Level  Hunger
 Shock                    Conj/Air       ###.         2%          1    None
 Magic Dart               Conj           ####         1%          1    None
 Searing Ray              Conj           ####..       1%          2    None
 Dazzling Flash           Conj/Hex       ###...       8%          3    #......
 Summon Small Mammal      Summ           #...         9%          1    None
 Call Imp                 Summ           #.......     13%         2    None
 Call Canine Familiar     Summ           #.......     26%         3    #......
 Summon Guardian Golem    Hex/Summ       #.......     26%         3    #......
 Fulminant Prism          Conj/Hex       ###.......   26%         4    ###....
 Iskenderun's Mystic Bla  Conj/Tloc      ###.....     26%         4    ###....
 Summon Ice Beast         Ice/Summ       #.......     63%         4    ###....
 Summon Lightning Spire   Summ/Air       #.......     63%         4    ###....


Dungeon Overview and Level Annotations

Branches:
Dungeon (9/15)             Temple (1/1) D:6            Lair (0/6) D:8
  Sewer (visited)         Ossuary (visited)
    Orc: D:9-12

Altars:
Ashenzari
Cheibriados
Dithmenos
Elyvilon
Fedhas
Gozag
Hepliaklqana
Kikubaaqudgha
Makhleb
Nemelex Xobeh
Okawaru
Qazlal
Ru
Sif Muna
Trog
Uskayaw
Vehumet
Wu Jian
Xom
Yredelemnul
Zin
The Shining One

Shops:
D:6 (

Annotations:
D:3 1 runed translucent door


Innate Abilities, Weirdness & Mutations

You are resistant to torment.
Your stone body is resilient. (AC +7)
You are immune to poison.
You resist negative energy. (rN+)
You are resistant to electric shocks. (rElec)
You can survive without breathing.
You are immune to petrification.
You are immune to rotting.


Message History

The worker ant zombie barely misses you.
The orc wizard gestures at you while chanting.
The puff of flame hits you. You resist.
* * * LOW HITPOINT WARNING * * *
The orc priest closely misses you.
The orc priest hits you but does no damage.
You feel better. The phantom hits you.
* * * LOW HITPOINT WARNING * * *
The worker ant zombie closely misses you.
The orc wizard gestures at you while chanting.
The magic dart hits you.
* * * LOW HITPOINT WARNING * * *
The orc priest barely misses you.
Blink to where?
Press: ? - help, Dir - move target cursor You are very lightly contaminated with residual magic.
As you read the scroll of blinking, it crumbles to dust.
The orc wizard gestures at you while chanting.
The puff of frost hits you!
You die...

##........#
##.........#
#....$.....##
#...........##
#.?..........#
#...........#
###..WZ.......#
##....oo.......#
#@.#....o.....#
....$...##..........#
....?.####..........#
.##..# ##.........#
..## ###.......# ..
##....†## . ####...#
##..## ##..#


You could see a phantom, an orc priest, an orc wizard and a worker ant zombie.

Vanquished Creatures
  A hornet (D:6)
  Sigmund (D:6)
  5 yaks
  A basilisk (D:8)
  3 hogs (D:7)
  A human (D:7)
  An orc warrior (D:8)
  2 porcupines (D:8)
  A black bear (D:7)
  A sky beast (D:5)
  2 ice beasts
  3 ogres
  2 phantoms
  3 crocodiles (D:8)
  3 elf zombies (Ossuary)
  3 bullfrogs
  3 scorpions
  5 wights (D:6)
  A howler monkey (D:5)
  The ghost of Maedhros the Charlatan, a weakling OpAr (D:3)
  2 centaur zombies (Ossuary)
  3 crimson imps
  A quasit (D:7)
  A human zombie (Ossuary)
  A jelly (D:6)
  4 orc priests
  A centaur skeleton (D:4)
  3 orc wizards
  Crazy Yiuf (D:3)
  2 iguanas
  Terence (D:3)
  6 worker ants
  Natasha (thrice) (D:3)
  A big kobold zombie (Ossuary)
  A hound zombie (D:6)
  3 mummies (Ossuary)
  Robin (D:3)
  A worker ant zombie (D:7)
  13 adders
  4 gnolls (D:2)
  4 river rats (D:6)
  2 shadow imps
  3 oozes
  2 adder skeletons
  3 adder zombies
  A worm (D:2)
  9 leopard geckos
  24 orcs
  6 ball pythons
  8 giant cockroaches
  24 goblins
  12 hobgoblins
  4 jackals
  10 kobolds
  2 quokkas
  6 bats
  8 frilled lizards
  3 gnoll zombies (Ossuary)
  2 goblin zombies (Ossuary)
  2 hobgoblin zombies (Ossuary)
  2 jackal zombies (Ossuary)
  6 kobold zombies (Ossuary)
  A leopard gecko skeleton (D:4)
  5 orc zombies (Ossuary)
  4 quokka zombies (Ossuary)
  8 rats
  A rat zombie (Ossuary)
258 creatures vanquished.

Vanquished Creatures (others)
  A plant (D:8)
1 creature vanquished.

Grand Total: 259 creatures vanquished

Notes
Turn   | Place    | Note
-------+----------+-------------------------------------------
     0 | D:1      | cica the Gargoyle Earth Elementalist began the quest for
                  | the Orb.
     0 | D:1      | Reached XP level 1. HP: 10/10 MP: 3/3
   168 | D:1      | Reached XP level 2. HP: 16/16 MP: 3/5
   172 | D:1      | Learned a level 2 spell: Passwall
   247 | D:1      | Reached skill level 1 in Fighting
   331 | D:1      | Reached skill level 4 in Earth Magic
   593 | D:1      | Reached XP level 3. HP: 20/20 MP: 3/6
   598 | D:1      | Learned a level 3 spell: Stone Arrow
  1169 | D:2      | Reached XP level 4. HP: 26/26 MP: 4/8
  1526 | D:2      | Reached skill level 1 in Transmutations
  1526 | D:2      | Reached XP level 5. HP: 25/31 MP: 9/9
  1977 | D:3      | Reached skill level 5 in Earth Magic
  1996 | D:3      | Noticed Natasha
  2104 | D:3      | Killed Natasha
  2184 | D:3      | Noticed Robin
  2202 | D:3      | Noticed Natasha
  2206 | D:3      | Killed Robin
  2339 | D:3      | Killed Natasha
  2339 | D:3      | Reached XP level 6. HP: 37/37 MP: 8/11
  2362 | D:3      | Noticed Terence
  2367 | D:3      | Learned a level 5 spell: Lee's Rapid Deconstruction
  2390 | D:3      | Killed Terence
  2412 | D:3      | Noticed Natasha
  2417 | D:3      | Killed Natasha
  2605 | D:3      | Found a runed translucent door.
  2608 | D:3      | Noticed Maedhros's ghost (weakling OpAr)
  2659 | D:3      | Found a runed translucent door.
  2774 | D:3      | Found a runed translucent door.
  2775 | D:3      | Noticed Crazy Yiuf
  2849 | D:3      | Killed Maedhros's ghost
  2876 | D:3      | Reached skill level 6 in Earth Magic
  3193 | D:3      | Killed Crazy Yiuf
  3193 | D:3      | Reached XP level 7. HP: 41/43 MP: 7/13
  3368 | D:4      | Found a sand-covered staircase.
  3377 | Ossuary  | Entered an ossuary
  4103 | Ossuary  | Reached skill level 7 in Earth Magic
  4184 | Ossuary  | Reached skill level 5 in Spellcasting
  4365 | Ossuary  | Reached XP level 8. HP: 32/48 MP: 2/16
  5189 | D:4      | Reached skill level 8 in Earth Magic
  5268 | D:4      | Learned a level 4 spell: Petrify
  5511 | D:4      | Found a glowing silver altar of Zin.
  5517 | D:4      | Found a basalt altar of Yredelemnul.
  5681 | D:4      | Found a shadowy altar of Dithmenos.
  5823 | D:5      | Entered Level 5 of the Dungeon
  6108 | D:5      | Reached skill level 9 in Earth Magic
  6259 | D:5      | Found a shimmering altar of Xom.
  6290 | D:5      | Found a radiant altar of Vehumet.
  6290 | D:5      | Found an ancient bone altar of Kikubaaqudgha.
  6292 | D:5      | Found a glowing silver altar of Zin.
  6292 | D:5      | Found a shimmering altar of Xom.
  6292 | D:5      | Found a radiant altar of Vehumet.
  6704 | D:6      | Found a staircase to the Ecumenical Temple.
  6713 | D:6      | Reached skill level 1 in Conjurations
  6719 | D:6      | Reached skill level 10 in Earth Magic
  6753 | D:6      | Reached XP level 9. HP: 48/52 MP: 0/18
  6769 | D:6      | Found a glowing drain.
  6862 | Sewer    | Entered a sewer
  7376 | Sewer    | Got a pitted battleaxe
  7495 | D:6      | Found a glowing golden altar of the Shining One.
  7638 | D:6      | Found Buokew's Antique Weapon Boutique.
  7657 | Temple   | Entered the Ecumenical Temple
  7663 | Temple   | Became a worshipper of Vehumet
  7781 | D:6      | Noticed a hornet
  7789 | D:6      | Killed a hornet
  8048 | D:6      | Noticed Sigmund
  8051 | D:6      | Killed Sigmund
  8051 | D:6      | Reached skill level 11 in Earth Magic
  8078 | D:6      | Reached skill level 5 in Conjurations
  8230 | D:6      | Found a basalt altar of Yredelemnul.
  8466 | D:7      | Reached skill level 12 in Earth Magic
  8796 | D:7      | Reached XP level 10. HP: 56/56 MP: 8/19
  8801 | D:7      | Reached skill level 13 in Earth Magic
  9518 | D:8      | Found a staircase to the Lair.
  9537 | D:8      | Reached * piety under Vehumet
  9537 | D:8      | Offered knowledge of Shock by Vehumet.
  9556 | D:8      | Reached skill level 14 in Earth Magic
 10156 | D:8      | Found a snail-covered altar of Cheibriados.
 10183 | D:8      | Found an iron altar of Okawaru.
 10184 | D:8      | Found a shattered altar of Ashenzari.
 10188 | D:8      | Found a stormy altar of Qazlal.
 10190 | D:8      | Found a sacrificial altar of Ru.
 10683 | D:9      | Killed from afar by an orc wizard

Levels and vault maps discovered:
D:1:      dpeg_arrival_simpleton_a, layout_basic, minmay_cupped
D:2:      kennysheep_the_goblin_king, layout_basic, minmay_box_of_dots
D:3:      layout_basic, ebering_ghost_sewer_f, minmay_vboxes, uniq_terence,
          uniq_crazy_yiuf_cottage, uniq_robin, uniq_natasha
D:4:      layout_loops_corners, grunt_dithmenos_shadows,
          amethyst_overflow_temple_binary, lightli_ossuary_entry_decrepit_ruins
D:5:      layout_basic, first_ration, doesnt_xom_only_xom
D:6:      layout_rooms, tso_metal_star, minmay_temple_entry_grid, serial_shops,
          shop, portal_sewer_entry_b, yredelemnul_altar_generic, uniq_sigmund
D:7:      layout_loops_ring, grunt_livestock
D:8:      layout_basic, minitemple, minmay_lair_entry_grove
D:9:      layout_cave_pods, orc_0_dummy, minmay_librarian, uniq_grum
Temple:   dshaligram_water_room_temple

Skill      XL: |  1  2  3  4  5  6  7  8  9 10 |
---------------+-------------------------------+-----
Fighting       | 1 2 3 4 |  4.0
Earth Magic    | 4 5 6 7 10 12 14 | 14.2
Spellcasting   | 3 4 5 6 |  6.0
Transmutations | 1 |  1.9
Conjurations   | 2 5 |  5.8
Dodging        | |  1.5
Stealth        | |  2.4

Action                   |  1- 3 |  4- 6 |  7- 9 | 10-12 || total
-------------------------+-------+-------+-------+-------++-------
Melee: Dagger            |    11 |   163 |   494 |    28 ||   696
 Cast: Sandblast         |    38 |    49 |    53 |    15 ||   155
       Stone Arrow       |       |    13 |    66 |    14 ||    93
       Lee's Rapid Decon |       |       |    29 |    11 ||    40
       Petrify           |       |       |     2 |       ||     2
  Use: Scroll            |       |     2 |    10 |     1 ||    13
       Potion            |       |       |       |     1 ||     1
 Stab: Sleeping          |       |     1 |       |       ||     1
  Eat: Chunk             |       |     5 |    18 |     4 ||    27
       Ration            |       |     1 |     3 |     2 ||     6
Armor: Robe              |     6 |   112 |   327 |    23 ||   468
Dodge: Dodged            |     8 |   140 |   430 |    21 ||   599

Table legend:
 A = Non-vault XP
 B = Vault XP
 C = Vault XP percentage of total XP
 D = Non-vault monster count
 E = Vault monster count
 F = Vault count percentage of total count
                 A         B        C        D         E       F
            +---------+---------+-------+---------+---------+-------
      Total |    3352 |    4045 |  54.7 |     134 |     124 |  48.1
            +---------+---------+-------+---------+---------+-------
        D:1 |      42 |       8 |  16.0 |      18 |       5 |  21.7
        D:2 |     110 |      35 |  24.1 |      18 |      13 |  41.9
        D:3 |     112 |     324 |  74.3 |      15 |      24 |  61.5
        D:4 |     324 |      11 |   3.3 |      17 |       1 |   5.6
        D:5 |     613 |       0 |   0.0 |      12 |       0 |   0.0
        D:6 |    1168 |     279 |  19.3 |      30 |       9 |  23.1
        D:7 |     650 |     993 |  60.4 |      19 |       5 |  20.8
        D:8 |     188 |    1727 |  90.2 |       3 |      12 |  80.0
        D:9 |     145 |       0 |   0.0 |       2 |       0 |   0.0
      Sewer |       0 |     137 | 100.0 |       0 |      18 | 100.0
    Ossuary |       0 |     531 | 100.0 |       0 |      37 | 100.0
            +---------+---------+-------+---------+---------+-------
